 Dungeon Sprint DCSS version 0.17-a0-1691-g18a3847 (webtiles) character file.

142 patman the Basher (level 5, 0/41 HPs)
             Began as a Formicid Fighter on Aug 20, 2015.
             Was a Follower of Qazlal.
             Slain by a hill giant
             ... wielding a +0 giant club
              (33 damage)
             ... in the Dungeon (Sprint IX: "|||||||||||||||||||||||||||||").
             The game lasted 00:02:11 (257 turns).

patman the Basher (Formicid Fighter)                 Turns: 257, Time: 00:02:11

Health: 0/41       AC: 14    Str: 21    XL:     5   Next: 50%
Magic:  5/5        EV:  9    Int:  7    God:    Qazlal [*.....]
Gold:   0          SH: 11    Dex: 14    Spells: 0 memorised, 4 levels left

rFire  . . .     SeeInvis +     o - +2 morningstar (protect)
rCold  . . .     Clarity  .     q - +1 scale mail
rNeg   . . .     SustAt   .     c - +0 shield
rPois  .         Gourm    .     (helmet unavailable)
rElec  .         Spirit   .     p - +0 cloak
rCorr  .         Warding  .     (no gloves)
rMut   .         Stasis   +     (no boots)
MR     .....                    (no amulet)
Stlth  ..........               r - +3 ring of dexterity
                                b - +2 ring of evasion

@: not resistant to hostile enchantments, extremely unstealthy
A: permanent stasis, dig shafts and tunnels, four strong arms, antennae 3
a: Dig, Renounce Religion


You were in the Dungeon.
You worshipped Qazlal.
Qazlal was aware of your devotion.
You were not hungry.

You visited 1 branch

Inventory:

Hand weapons
 a - a +0 flail
 o - a +2 morningstar of protection (weapon)
Armour
 c - a +0 shield (worn)
 p - a +0 cloak (worn)
 q - a +1 scale mail (worn)
Jewellery
 b - a +2 ring of evasion (left hand)
 r - a +3 ring of dexterity (right hand)
Magical devices
 k - a wand of cold (6)
Scrolls
 m - 3 scrolls of remove curse
 n - 2 scrolls of amnesia
Potions
 d - a potion of might
 f - 5 potions of curing
 g - 3 potions of heal wounds
 h - a potion of haste
 i - 4 potions of magic
 j - a potion of berserk rage
 l - a potion of invisibility
Comestibles
 e - a bread ration


   Skills:
 - Level 3.2 Fighting
 + Level 10.2 Maces & Flails
 - Level 3.2 Armour
 - Level 3.6 Shields


You had 4 spell levels left.
You didn't know any spells.

Dungeon Overview and Level Annotations

Branches:
Dungeon (1/1)

Altars:
Cheibriados
Dithmenos
Elyvilon
Fedhas
Gozag
Kikubaaqudgha
Makhleb
Nemelex Xobeh
Okawaru
Qazlal
Ru
Sif Muna
Trog
Vehumet
Xom
Yredelemnul
Zin
The Shining One
Beogh
Jiyva
Lugonu


Innate Abilities, Weirdness & Mutations

You are under a permanent stasis effect.
You can dig through walls and to a lower floor.
Your four strong arms can wield two-handed weapons with a shield.
You have a pair of large antennae on your head (SInv).


Message History

You see here a wasp corpse.
Unknown command.
You sock the hill giant!
The hill giant is lightly wounded.
The hill giant hits you with a giant club!
The orc priest grunts repeatedly.
Evoke which item? (* to show all) (? for menu, Esc to quit)
Zapping:
k - a wand of cold (7)
Press: ? - help, Shift-Dir - straight line, f - hill giant
Aim: a hill giant, wielding a giant club (lightly wounded)
The bolt of cold hits the hill giant.
The hill giant is heavily wounded.
The bolt of cold misses the ice beast.
The bolt of cold misses the orc priest.
The bolt of cold hits the giant gecko.
You kill the giant gecko!
Qazlal accepts your kill.
You are surrounded by a storm.
This wand has 6 charges left.
The hill giant hits you with a giant club!!
Ouch! That really hurt!
You die... { {{{{{{{ {{{{{{{{{ ▓▓▓▓▓▓▓▓▓▓▓▓▓▓▓▓▓▓▓▓▓▓▓▓▓ +....oYC@.[[.)|?.'_______ ▓▓▓▓▓▓▓▓▓▓▓▓▓▓▓▓▓▓▓▓▓▓▓▓▓

You could see a hill giant, an ice beast and an orc priest.

Vanquished Creatures
  A wasp (D)
  A crimson imp (D)
  An adder (D)
  A gnoll (D)
  An adder zombie (D)
  A giant gecko (D)
  3 goblins (D)
  2 kobolds (D)
  A quokka (D)
  A giant gecko skeleton (D)
13 creatures vanquished.

Notes
Turn   | Place    | Note
--------------------------------------------------------------
     0 | D        | patman the Formicid Fighter began the quest for the Orb.
     0 | D        | Reached XP level 1. HP: 18/18 MP: 1/1
    20 | D        | Reached skill level 4 in Maces & Flails
    22 | D        | Reached XP level 2. HP: 22/24 MP: 2/2
    28 | D        | Noticed a crimson imp
    46 | D        | Reached skill level 5 in Maces & Flails
    56 | D        | Reached XP level 3. HP: 27/29 MP: 3/3
    77 | D        | Killed a crimson imp
    77 | D        | Reached skill level 7 in Maces & Flails
    77 | D        | Reached XP level 4. HP: 24/35 MP: 4/4
   185 | D        | Found a glowing silver altar of Zin.
   185 | D        | Found a glowing golden altar of the Shining One.
   185 | D        | Found an ancient bone altar of Kikubaaqudgha.
   185 | D        | Found a basalt altar of Yredelemnul.
   185 | D        | Found a shimmering altar of Xom.
   185 | D        | Found a radiant altar of Vehumet.
   186 | D        | Found an iron altar of Okawaru.
   187 | D        | Found a burning altar of Makhleb.
   188 | D        | Found a deep blue altar of Sif Muna.
   189 | D        | Found a bloodstained altar of Trog.
   190 | D        | Found a sparkling altar of Nemelex Xobeh.
   191 | D        | Found a white marble altar of Elyvilon.
   192 | D        | Found a roughly hewn altar of Beogh.
   193 | D        | Found a viscous altar of Jiyva.
   194 | D        | Found a corrupted altar of Lugonu.
   195 | D        | Found a blossoming altar of Fedhas.
   196 | D        | Found a snail-covered altar of Cheibriados.
   197 | D        | Found a shadowy altar of Dithmenos.
   198 | D        | Found a stormy altar of Qazlal.
   199 | D        | Found an opulent altar of Gozag.
   200 | D        | Found a sacrificial altar of Ru.
   208 | D        | Became a worshipper of Qazlal Stormbringer
   250 | D        | Noticed an orc priest
   250 | D        | Noticed a hill giant
   250 | D        | Noticed an ice beast
   250 | D        | Noticed a wasp
   253 | D        | Killed a wasp
   253 | D        | Reached skill level 10 in Maces & Flails
   253 | D        | Reached XP level 5. HP: 41/41 MP: 5/5
   257 | D        | Acquired Qazlal's first power
   257 | D        | Slain by a hill giant

Vault maps used:
D:        linesprint

Action                   |  1- 3 |  4- 6 || total
-------------------------+-------+-------++-------
Melee: Flail             |    51 |       ||    51
       Morningstar       |       |     4 ||     4
Evoke: Wand              |       |     1 ||     1
